 Dungeon Crawl Stone Soup version 0.21-a0-265-gb353147 (webtiles) character file.

681 Monsterracer the Chopper (level 7, -2/66 HPs)
             Began as a Deep Dwarf Fighter on Sept 12, 2017.
             Slain by an ice beast (9 damage)
             ... on level 6 of the Dungeon.
             The game lasted 00:03:58 (2926 turns).

Monsterracer the Chopper (Deep Dwarf Fighter)       Turns: 2926, Time: 00:03:58

Health: -2/66      AC:  8    Str: 22    XL:     7   Next: 34%
Magic:  5/5        EV:  9    Int:  8    God:
Gold:   231        SH: 10    Dex: 12    Spells: 6/6 levels left

rFire    . . .     SeeInvis .   a - +1 war axe
rCold    . . .     Gourm    .   c - +0 shield
rNeg     . . .     Faith    .   b - +1 scale mail
rPois    .         Spirit   .   (no helmet)
rElec    .         Reflect  .   (no cloak)
rCorr    .         Harm     .   (no gloves)
MR       +....                  (no boots)
Stlth    ..........             (no amulet)
HPRegen  0.00/turn              (no ring)
MPRegen  0.09/turn              (no ring)

@: non-regenerating
A: damage resistance, heal wounds, sense surroundings 1, no regeneration
a: Heal Wounds


You were on level 6 of the Dungeon.
You were not hungry.

You visited 1 branch of the dungeon, and saw 6 of its levels.

You collected 231 gold pieces.

Inventory:

Hand Weapons
 a - a +1 war axe (weapon)
Armour
 b - a +1 scale mail (worn)
 c - a +0 shield (worn)
Jewellery
 t - an uncursed ring of fire
Scrolls
 i - a scroll of remove curse
 j - a scroll of teleportation
 k - a scroll of magic mapping
Potions
 d - a potion of might
 h - a potion of lignification {unknown}
 m - 2 potions of mutation {unknown}
 n - 2 potions of magic {unknown}
 q - 3 potions of flight
 r - a potion of heal wounds {unknown}
 v - 3 potions of invisibility {unknown}
Comestibles
 f - 3 bread rations
 g - a meat ration
 u - a royal jelly


   Skills:
 * Level 4.8 Fighting
 * Level 5.0 Axes
 + Level 5.0 Armour
 + Level 2.7 Dodging
 + Level 4.4 Shields


You had 6 spell levels left.
You didn't know any spells.

Dungeon Overview and Level Annotations

Branches:
Dungeon (6/15)
 Temple: D:4-7

Altars:


Innate Abilities, Weirdness & Mutations

You are resistant to damage.
You can heal yourself by infusing magical energy.
You passively map a small area around you.
You do not regenerate.


Message History

You block the ice beast's attack. The ice beast hits you.
The ice beast freezes you.
* * * LOW HITPOINT WARNING * * *
The iguana bites you.
* * * LOW HITPOINT WARNING * * *
Huge Dmg: -11%(-7hp) hp: 26%(17hp)
You closely miss the ice beast.
The ice beast is almost dead.
You hit the iguana but do no damage. You block the iguana's attack.
The ice beast hits you.
* * * LOW HITPOINT WARNING * * *
The ice beast freezes you!
* * * LOW HITPOINT WARNING * * *
Unknown command.
Huge Dmg: -15%(-10hp) hp: 11%(7hp)
You hit the ice beast but do no damage.
The ice beast is almost dead.
You barely miss the iguana. You block the iguana's attack.
The ice beast hits you. The ice beast freezes you!
You die...

* , , , ..,.. , ,, , *
,. ....##** .. ..... ,
, , ###.#...#######
....#
.....#.(.....##....# .
,........<#.##....# ,
,....#.#.#####.##....#
,
......l@....#.##....#
....#+#Y..#.#.##....#
* #
......#...........# ,
, ......###.#.......#
, ..................>#
..................##
*##.#+#.############ ,
* * #. #.# , ,


You could see an ice beast and an iguana.

Vanquished Creatures
  A hippogriff (D:5)
  A sky beast (D:5)
  A phantom (D:3)
  A bullfrog (D:6)
  Jessica (D:2)
  A worker ant (D:5)
  A hound skeleton (D:3)
  Robin (D:3)
  10 adders
  3 worms
  2 dart slugs (D:3)
  4 leopard geckos
  5 orcs (D:3)
  A ball python (D:1)
  4 bats
  5 giant cockroaches
  21 goblins
  5 hobgoblins
  2 jackals (D:2)
  5 kobolds
  A quokka (D:5)
  3 frilled lizards
  4 rats
83 creatures vanquished.

Notes
Turn   | Place    | Note
-------+----------+-------------------------------------------
     0 | D:1      | Monsterracer the Deep Dwarf Fighter began the quest for the Orb.
     0 | D:1      | Reached XP level 1. HP: 20/20 MP: 1/1
   476 | D:1      | Reached XP level 2. HP: 25/27 MP: 2/2
   900 | D:2      | HP: 14/28 [frilled lizard (2)]
   914 | D:2      | Reached XP level 3. HP: 14/34 MP: 3/3
   915 | D:2      | HP: 12/34 [kobold (2)]
  1131 | D:2      | Noticed Jessica
  1136 | D:2      | HP: 11/34 [Jessica/nerve-wracking pain (10)]
  1156 | D:2      | HP: 8/34 [Jessica (3)]
  1158 | D:2      | Killed Jessica
  1158 | D:2      | Reached XP level 4. HP: 11/42 MP: 3/3
  1227 | D:2      | Reached skill level 1 in Dodging
  1472 | D:3      | Noticed Robin
  1494 | D:3      | Killed Robin
  1524 | D:3      | Reached XP level 5. HP: 46/49 MP: 3/3
  1655 | D:3      | HP: 20/50 [worm (6)]
  1930 | D:3      | Noticed a phantom
  1981 | D:3      | Killed a phantom
  1981 | D:3      | Reached XP level 6. HP: 32/57 MP: 4/4
  2524 | D:5      | Entered Level 5 of the Dungeon
  2566 | D:5      | Noticed a sky beast
  2576 | D:5      | Killed a sky beast
  2659 | D:5      | Noticed a hippogriff
  2666 | D:5      | HP: 27/58 [hippogriff (3)]
  2671 | D:5      | Killed a hippogriff
  2671 | D:5      | Reached XP level 7. HP: 24/66 MP: 5/5
  2920 | D:6      | Reached skill level 5 in Axes
  2920 | D:6      | Reached skill level 5 in Armour
  2921 | D:6      | HP: 31/66 [iguana (8)]
  2925 | D:6      | HP: 7/66 [ice beast (9)]
  2926 | D:6      | Slain by an ice beast

Vault maps used:
D:1:      minmay_arrival_five_plusses
D:2:      uniq_jessica
D:3:      kennysheep_the_goblin_king, first_bread, uniq_robin
D:6:      kennysheep_okawaru_gauntlet, serial_shops, shop, uniq_duvessa

Skill      XL: |  1  2  3  4  5  6  7 |
---------------+----------------------+-----
Fighting       | 3 4 |  4.8
Axes           | 3 4 5 |  5.0
Dodging        | 1 2 |  2.7
Armour         | 4 5 |  5.0
Shields        | 4 |  4.4

Action                   |  1- 3 |  4- 6 |  7- 9 || total
-------------------------+-------+-------+-------++-------
Melee: War axe           |    97 |   239 |    15 ||   351
 Abil: Heal Wounds       |     1 |     4 |     1 ||     6
  Use: Scroll            |       |    10 |     3 ||    13
       Potion            |       |     1 |       ||     1
  Eat: Chunk             |     1 |     5 |     1 ||     7
Armor: Scale mail        |    48 |   126 |     6 ||   180
Dodge: Dodged            |    25 |   103 |     7 ||   135
Block: Shield            |    49 |   167 |    16 ||   232

Table legend:
 A = Spawn XP
 B = Non-spawn XP
 C = Spawn XP percentage of total XP
 D = Spawn monster count
 E = Non-spawn monster count
 F = Spawn count percentage of total count
 G = Total turns spent on level
                    A         B        C        D         E        F      G
               +---------+---------+-------+---------+---------+-------+---------
         Total |       0 |     974 |   0.0 |       0 |      83 |   0.0 |  2926
               +---------+---------+-------+---------+---------+-------+---------
           D:1 |       0 |      12 |   0.0 |       0 |       7 |   0.0 |   747
           D:2 |       0 |     122 |   0.0 |       0 |      20 |   0.0 |   693
           D:3 |       0 |     280 |   0.0 |       0 |      44 |   0.0 |   970
           D:4 |       0 |      17 |   0.0 |       0 |       2 |   0.0 |   114
           D:5 |       0 |     452 |   0.0 |       0 |       8 |   0.0 |   370
           D:6 |       0 |      91 |   0.0 |       0 |       2 |   0.0 |    32
               +---------+---------+-------+---------+---------+-------+---------
